 Dungeon Crawl Stone Soup version 0.31.0-11-ge490571c62 (webtiles) character file.

Game seed: 10559769368593144200

2284 Flugkiller the Grappler (level 9, -7/80 HPs)
             Began as a Troll Fighter on Jan 30, 2024.
             Mangled by a wight
             ... wielding a +3 war axe
              (11 damage)
             ... on level 7 of the Dungeon.
             The game lasted 00:05:14 (1304 turns).

Flugkiller the Grappler (Troll Fighter)             Turns: 1304, Time: 00:05:14

Health: -7/80      AC:  4    Str: 30    XL:     9   Next: 17%
Magic:  8/8        EV:  9    Int:  4    God:
Gold:   25         SH:  8    Dex:  9    Spells: 8/8 levels left

rFire   + .          .
                       - Unarmed
rCold   . . .        b - +1 kite shield
rNeg    . . .        a - +0 robe
rPois   .            (helmet restricted)
rElec   .            (no cloak)
rCorr   .            (gloves unavailable)
SInv    .            (boots unavailable)
Will    .....        (no amulet)
Stlth   +            p - ring of protection from fire
HPRegen 1.13/turn    (no ring)
MPRegen 0.11/turn

%: no passive effects
@: lethally poisoned (-7 -> -8)
A: large, unfitting armour, claws 3, regeneration 1, shaggy fur 1, tough skin 1
a: no special abilities


You were on level 7 of the Dungeon.
You visited 1 branch of the dungeon, and saw 7 of its levels.
You also visited: Sewer.

You collected 25 gold pieces.

Inventory:

Missiles
 c - 2 throwing nets
 g - 6 large rocks (quivered)
 i - 2 poisoned darts
Armour
 a - a +0 robe (worn)
 b - a +1 kite shield (worn)
Jewellery
 p - a ring of protection from fire (left claw)
   (You found it on level 5 of the Dungeon)
Scrolls
 e - a scroll of vulnerability
 f - 2 scrolls of noise
 h - a scroll of enchant armour
 j - a scroll of fog {unknown}
 l - a scroll of enchant weapon
 r - a scroll of identify
Potions
 d - a potion of might
 k - a potion of attraction
 m - a potion of berserk rage {unknown}


   Skills:
 - Level 2.4 Fighting
 - Level 2.4 Dodging
 - Level 2.6 Shields
 + Level 12.3 Unarmed Combat


You had 8 spell levels left.
You didn't know any spells.
Your spell library contained the following spells:

 Spells                   Type           Power      Damage    Failure   Level
 Inner Flame              Hex/Fire       0%         N/A       97%         3
 Flame Wave               Conj/Fire      0%         2d4       100%        4
 Sticky Flame             Fire/Alch      0%         2d4       100%        4


Dungeon Overview and Level Annotations

Branches:
Dungeon (7/15) Zot: 26755   Sewer (visited)
 Temple: D:4-7

Altars:
Fedhas
Gozag
Hepliaklqana
Qazlal
Uskayaw

Annotations:
D:5 2 transporters


Innate Abilities, Weirdness & Mutations

You are too large for most types of armour.
You have claws for hands.
Your natural rate of healing is unusually fast.
You are covered in fur. (AC +1)
You have tough skin. (AC +1)


Message History

You feel sick. The killer bee stings you! The killer bee barely misses you.
You barely miss the killer bee.
The killer bee is heavily wounded.
You feel sick.
The killer bee stings you but does no damage.
You scratch the killer bee.
The killer bee is severely wounded.
The killer bee closely misses you. The killer bee barely misses you.
You miss the killer bee.
The killer bee is severely wounded.
You feel sick. The killer bee stings you.
You are more poisoned.
The killer bee poisons you! The killer bee barely misses you.
You scratch the killer bee.
The killer bee is almost dead.
You feel very sick. You block the killer bee's attack.
The killer bee barely misses you.
You closely miss the killer bee.
The killer bee is almost dead.
You feel sick. You block the killer bee's attack. The killer bee stings you.
You claw the killer bee!
You kill the killer bee!
You feel sick.
The killer bee stings you but does no damage.
You mangle the killer bee!!
You kill the killer bee!
You feel sick. The killer bee stings you.
* * * LOW HITPOINT WARNING * * *
You mangle the killer bee!!
You kill the killer bee!
You feel sick. The killer bee stings you.
* * * LOW HITPOINT WARNING * * *
You are more poisoned.
The killer bee poisons you!
You feel much better.
You feel sick.
The killer bee stings you but does no damage.
You block the killer bee's attack.
You barely miss the killer bee.
You feel sick.
The killer bee stings you but does no damage.
The killer bee barely misses you.
You are too injured to fight recklessly!
You closely miss the killer bee.
You feel sick. The killer bee stings you.
You are more poisoned.
The killer bee poisons you! You block the killer bee's attack.
You are too injured to fight recklessly!
You closely miss the killer bee.
You feel sick. The killer bee stings you.
You are more poisoned.
The killer bee poisons you!
You barely miss the killer bee.
You feel very sick. The killer bee stings you.
* * * LOW HITPOINT WARNING * * *
You block the killer bee's attack.
You scratch the killer bee.
The killer bee is moderately wounded.
You feel very sick. The killer bee stings you.
* * * LOW HITPOINT WARNING * * *
The killer bee stings you.
* * * LOW HITPOINT WARNING * * *
You are more poisoned.
The killer bee poisons you!
You barely miss the killer bee.
The killer bee is moderately wounded.
* * * LOW HITPOINT WARNING * * *
You feel very sick. The killer bee stings you.
* * * LOW HITPOINT WARNING * * *
You feel better. You block the killer bee's attack.
The killer bee barely misses you.
You closely miss the killer bee.
The killer bee is moderately wounded.
The killer bee stings you.
* * * LOW HITPOINT WARNING * * *
You are poisoned.
The killer bee poisons you!
The killer bee stings you but does no damage.
You barely miss the killer bee.
The killer bee is moderately wounded.
You feel very sick. You block the killer bee's attack. x2
You closely miss the killer bee.
The killer bee is moderately wounded.
You feel sick. The killer bee stings you.
* * * LOW HITPOINT WARNING * * *
You block the killer bee's attack.
You mangle the killer bee!!
You kill the killer bee!
You feel sick.
You feel sick.
You feel sick.
You claw the wight!
The wight is heavily damaged.
You feel sick. You block the wight's attack.
You mangle the wight!!
You destroy the wight!
You scratch the wight.
The wight is moderately damaged.
You feel sick. The wight hits you with a +3 war axe!
You die...

###....... .#. #.......#
... ##.......##.# #....#
.#..###
####...####.......
##.......†<....#
#..........<...##. .
##...#.....z........
######..###..o@#.###....
#........###..##z## ....
#..........#...†z.#.....
#..###.###.#..##.o......
#..#.....#.#####.##.....
###..#..⌠..#.##
#..#....##
....)).⌠⌠⌠....###.{.# #
.##..#..⌠..#...#...##..
.....#.....#..yo........


You could see a wight and an orc wizard.

Vanquished Creatures
  Pikel (D:5)
  Sigmund (D:4)
  A water moccasin (D:7)
  A sky beast (D:7)
  3 centaurs
  An ogre (D:5)
  2 lemures (D:5)
  A phantom (D:6)
  Blork the orc (D:4)
  A bullfrog (D:7)
  A scorpion (D:5)
  A wight (D:7)
  8 killer bees
  A jelly (D:7)
  2 hounds
  A gnoll bouda (D:6)
  2 iguanas
  Natasha (D:4)
  Terence (D:2)
  5 adders
  17 gnolls
  A shadow imp (D:7)
  2 dart slugs
  A ribbon worm (D:2)
  7 orcs
  An endoplasm (D:3)
  3 giant cockroaches (D:3)
  5 goblins
  A hobgoblin (D:4)
  6 jackals
  4 kobolds
  2 quokkas (D:3)
  5 ball pythons
  5 bats
  2 frilled lizards (D:3)
  2 rats
100 creatures vanquished.

Notes
Turn   | Place    | Note
-------+----------+-------------------------------------------
     0 | D:1      | Flugkiller the Troll Fighter began the quest for the Orb.
     0 | D:1      | Reached XP level 1. HP: 22/22 MP: 0/0
    86 | D:2      | Noticed Terence
    96 | D:2      | Killed Terence
    97 | D:2      | Reached skill level 3 in Unarmed Combat
    97 | D:2      | Reached XP level 2. HP: 28/29 MP: 1/1
    97 | D:2      | Reached XP level 3. HP: 35/36 MP: 2/2
   123 | D:3      | Found a glowing drain.
   134 | D:3      | Reached skill level 4 in Unarmed Combat
   148 | Sewer    | Entered a sewer
   246 | D:3      | Reached XP level 4. HP: 44/44 MP: 3/3
   400 | D:5      | Entered Level 5 of the Dungeon
   403 | D:5      | Noticed a lemure
   405 | D:5      | Noticed a lemure
   409 | D:5      | Noticed Pikel
   411 | D:5      | Noticed a lemure
   415 | D:5      | Noticed a lemure
   418 | D:5      | Killed a lemure
   426 | D:5      | Killed a lemure
   433 | D:5      | Killed Pikel
   434 | D:5      | Reached skill level 7 in Unarmed Combat
   434 | D:5      | Reached XP level 5. HP: 39/50 MP: 4/4
   434 | D:5      | Reached XP level 6. HP: 46/59 MP: 5/5
   434 | D:5      | Reached XP level 7. HP: 51/66 MP: 6/6
   438 | D:5      | Found a stormy altar of Qazlal.
   448 | D:4      | Noticed Natasha
   454 | D:4      | Killed Natasha
   504 | D:4      | Noticed Sigmund
   507 | D:4      | Noticed Blork the orc
   515 | D:4      | Killed Sigmund
   516 | D:4      | Reached skill level 8 in Unarmed Combat
   519 | D:4      | Killed Blork the orc
   626 | D:4      | Reached skill level 9 in Unarmed Combat
   736 | D:5      | Found a hide-covered altar of Uskayaw.
   737 | D:5      | Found a hazy altar of Hepliaklqana.
   748 | D:5      | Reached XP level 8. HP: 40/74 MP: 7/7
   796 | D:5      | Found a transporter.
   831 | D:5      | Found a transporter.
   849 | D:5      | Reached skill level 10 in Unarmed Combat
   877 | D:5      | Found an opulent altar of Gozag.
   887 | D:5      | Found a blossoming altar of Fedhas.
   926 | D:5      | Identified the +3 leather armour of Darkness {Rampage rCorr
                  | Int-4 Dex-4}
  1183 | D:7      | Reached skill level 11 in Unarmed Combat
  1200 | D:7      | Found the +7 Kryia's mail coat {PotionHeal*2 rC+}
  1249 | D:7      | Reached XP level 9. HP: 61/80 MP: 8/8
  1279 | D:7      | Reached skill level 12 in Unarmed Combat
  1298 | D:7      | HP: 4/80 [killer bee (4)]
  1304 | D:7      | HP: 4/80 [poisoned by a killer bee]
  1304 | D:7      | Mangled by a wight

Illustrated notes

Levels and vault maps discovered:
D:1:      dpeg_arrival_refuge, layout_rooms, shapermc_ecumenical_altar_petra,
          grunt_decor_mini_mirrors
D:2:      layout_basic, uniq_terence
D:3:      layout_loops_ring, portal_sewer_entry_f, nicolae_figureground_sparkle,
          uniq_robin, uniq_ijyb
D:4:      layout_loops_ring, uniq_sigmund, uniq_natasha, uniq_blork_the_orc,
          uniq_grinder
D:5:      gammafunk_wand_slinger, layout_loops_ring, amcnicky_altar_gilded,
          nemelex_spade_bored_becter, grunt_qazlal_clouds,
          nicolae_overflow_squiral, grunt_gozag_statues,
          minmay_temple_entry_mist, dreamdust_wishing_well, uniq_pikel
D:6:      layout_basic, kennysheep_generic_room_10
D:7:      layout_cave_pools, nicolae_overflow_two_pavilions,
          gammafunk_ghost_hive, serial_shops, nicolae_shop_advertising_works
          [nicolae_subvault_shop_adworks], minmay_chambers_of_fives

Skill      XL: |  1  2  3  4  5  6  7  8  9 |
---------------+----------------------------+-----
Unarmed Combat | 3 4 7 9 11 12 | 12.3
Fighting       | |  2.4
Dodging        | |  2.4
Shields        | |  2.6

Action                     |  1- 3 |  4- 6 |  7- 9 || total
---------------------------+-------+-------+-------++-------
  Melee: Unarmed           |    71 |    56 |   209 ||   336
    Use: Scroll            |       |     4 |     8 ||    12
         Potion            |       |       |     3 ||     3
 Armour: Robe              |    75 |    33 |   168 ||   276
  Dodge: Dodged            |    47 |    24 |    77 ||   148
  Block: Kite shield       |    43 |    17 |   111 ||   171
